 Dungeon Crawl Stone Soup version 0.17.1-3-g152610e (webtiles) character file.

65 Shotgun the Ducker (level 3, 0/30 HPs)
             Began as a Draconian Transmuter on Apr 20, 2016.
             Slain by Terence
             ... wielding a +1 flail of holy wrath
              (7 damage)
             ... on level 2 of the Dungeon.
             The game lasted 00:04:17 (1583 turns).

Shotgun the Ducker (Draconian Transmuter)           Turns: 1583, Time: 00:04:17

Health: 0/30       AC:  7    Str: 13    XL:     3   Next: 94%
Magic:  6/6        EV: 13    Int: 13    God:
Gold:   57         SH:  0    Dex: 11    Spells: 1 memorised, 5 levels left

rFire  . . .     SeeInvis .     d - -1 whip (curse)
rCold  . . .     Clarity  .     (armour unavailable)
rNeg   . . .     SustAt   .     (no shield)
rPois  .         Gourm    .     (helmet restricted)
rElec  .         Spirit   .     h - +0 cloak
rCorr  .         Warding  .     e - +0 pair of gloves
rMut   .         Stasis   .     (no boots)
MR     .....                    (no amulet)
Stlth  +.........               (no ring)
                                (no ring)

@: not resistant to hostile enchantments, very unstealthy
A: unfitting armour, cold-blooded, AC +5
a: no special abilities


You were on level 2 of the Dungeon.
You were not hungry.

You visited 1 branch of the dungeon, and saw 2 of its levels.

You collected 57 gold pieces.

Inventory:

Hand Weapons
 d - a cursed -1 whip (weapon)
Missiles
 a - 26 arrows
 j - 17 arrows of flame
Armour
 e - a +0 pair of gloves (worn)
 h - a +0 cloak (worn)
Scrolls
 k - a scroll of identify
Potions
 f - a potion of magic
 g - 2 potions of brilliance {unknown}
 i - a potion of cancellation {unknown}
Books
 b - a book of Changes

   Spells                             Type                      Level
   a - Beastly Appendage              Transmutation                1
   b - Sticks to Snakes               Transmutation                2
   c - Spider Form                    Transmutation/Poison         3
   d - Ice Form                       Ice/Transmutation            4
   e - Blade Hands                    Transmutation                5
Comestibles
 c - a meat ration
 l - a bread ration


   Skills:
 + Level 2.4 Fighting
 * Level 3.3 Dodging
 - Level 3.0 Unarmed Combat
 - Level 2.0 Spellcasting
 - Level 2.0 Transmutations


You had 5 spell levels left.
You knew the following spells:

 Your Spells              Type           Power        Failure   Level  Hunger
a - Beastly Appendage     Trmt           #.....       12%         1    ##.....


Dungeon Overview and Level Annotations

Branches:
Dungeon (2/15)

Altars:
Dithmenos
Yredelemnul

Annotations:
D:2 Terence


Innate Abilities, Weirdness & Mutations

Your plain brown scales are hard (AC +5).
Your body does not fit into most forms of armour.
You are cold-blooded and may be slowed by cold attacks.


Message History

Terence is moderately wounded.
Terence hits you with a flail of holy wrath.
* * * LOW HITPOINT WARNING * * *
You hit Terence but do no damage.
Terence is moderately wounded.
You hit Terence.
Terence is moderately wounded.
Terence closely misses you.
You completely miss Terence.
You tail-slap Terence, but do no damage.
Terence is moderately wounded.
Terence misses you. Terence closely misses you.
Terence hits you but does no damage.
Terence hits you with a flail of holy wrath.
* * * LOW HITPOINT WARNING * * *
A goblin comes into view. It is wielding a club.
The goblin shouts!
Terence hits you with a flail of holy wrath!
You die...

#.. .. #..... .# #.. #.
#..... ... #.. #.##.....
.. #.. #..##..##.... .#
.g## #....#....... @# ...
#..###...# .# #.#
#.###.###.... .# #..##
#............ ##.#
#.@########.###.... .#.#
# ##.@.### #.###..>. ...#
##. ###...# #...#####
..## #.. ###.######.##
.## #.# ####.........# ##
#.# ####....######..# #
######.# #.†........#
##.#
####....#.####...†....).#
##
.†.....†#...............#


You could see Terence and a goblin.

Vanquished Creatures
  2 adders (D:2)
  An ooze (D:1)
  2 worms
  A giant gecko (D:2)
  5 bats
  2 giant cockroaches
  5 goblins
  4 hobgoblins (D:1)
  3 jackals (D:1)
  3 giant newts
  5 kobolds
  8 rats
41 creatures vanquished.

Notes
Turn   | Place    | Note
--------------------------------------------------------------
     0 | D:1      | Shotgun the Draconian Transmuter began the quest for the Orb.
     0 | D:1      | Reached XP level 1. HP: 16/16 MP: 3/3
   280 | D:1      | Reached XP level 2. HP: 17/23 MP: 5/5
   821 | D:1      | You fall through a shaft!
   821 | D:2      | Found a basalt altar of Yredelemnul.
   835 | D:2      | Reached XP level 3. HP: 13/29 MP: 6/6
  1453 | D:2      | Found a shadowy altar of Dithmenos.
  1521 | D:2      | Noticed Terence
  1583 | D:2      | Slain by Terence

Action                   || total
-------------------------++-------
Melee: Whip              ||   238
       Unarmed           ||     5
  Use: Scroll            ||     3
  Eat: Bread ration      ||     1
